[Event "Early-Titled-Tuesday-Blitz-January-30-2024"]
[Site "Chess.com"]
[Date "2024.01.30"]
[Round "3"]
[White "Louis-Paulsen-Fan"]
[Black "ATM622"]
[Result "1-0"]
[WhiteElo "2259"]
[BlackElo "2466"]
[TimeControl "180+1"]
[EndTime "8:29:06 PST"]
[Termination "Louis-Paulsen-Fan won by resignation"]

1. d4 Nf6 2. Nf3 e6 3. c4 d5 4. Nc3 Be7 5. Bg5 O-O 6. e3 h6 7.
Bh4 Ne4 8. Bxe7 Qxe7 9. Rc1 Nxc3 10. Rxc3 dxc4 11. Bxc4 b6 12. O-O Bb7 13. Qe2 Nd7 14.
Bb5 Nf6 15. Bc6 Bxc6 16. Rxc6 Rac8 17. Rfc1 Nd5 18. a3 a5 19. e4 Nf6 20. Qc2 Rfd8 21. h3 g5 22. Rd1 Kg7 23. Ne5 Rd6 24. Rxd6 Qxd6 25. Nxf7 Kxf7 26. e5 Qe7 27. exf6 Qxf6 28. d5 e5 29. Qh7+ Qg7 30. Qf5+ 1-0

[Event "Early-Titled-Tuesday-Blitz-January-30-2024"]
[Site "Chess.com"]
[Date "2024.01.30"]
[Round "3"]
[White "HajiyevKanan"]
[Black "alekroth65"]
[Result "1/2-1/2"]
[WhiteElo "2577"]
[BlackElo "2369"]
[TimeControl "180+1"]
[EndTime "8:29:07 PST"]
[Termination "Game drawn by repetition"]

1. d4 d6 2. Nf3 Nf6 3. g3 g6 4. Bg2 Bg7 5. O-O O-O 6. b3 Ne4 7. Bb2 c5 8. Nbd2 Nxd2 9. Qxd2 Nc6 10. c4 cxd4 11. Nxd4 Bd7 12. Nxc6 Bxc6 13. Bxg7 Kxg7 14. Qd4+ Kg8 15. h4 Bxg2 16. Kxg2 Qc7 17. h5 Qc5 18.
Qxc5 dxc5 19. Rad1 Rfd8 20. g4 e6 21. f4 Kg7 22. Kf3 gxh5 23. gxh5 Kh6 24. Rg1 a6 25. e4 b5 26. f5 bxc4 27. bxc4 Rd4 28. Kf4 exf5 29.
Rxd4 cxd4 30. exf5 Rc8 31. Rc1 d3 32. Ke3 Kxh5 33.
Kxd3 Kg5 34. Rg1+ Kxf5 35. Rg7 Ke6 36. Rxh7 Rg8 37. Kd4 Rg2 38. Rh6+ f6 39. Kc5 Rxa2 40. Rh8 Rc2 41. Ra8 f5 42. Rxa6+ Ke5 43. Ra8 f4 44.
Re8+ Kf5 45. Kd5 f3 46. Rf8+ Kg4 47. c5 Kg3 48. c6 f2 49. Kd6 Rd2+ 50. Ke6 Rc2 51.
Kd7 Rd2+ 52. Ke7 Rc2 53. Kd7 Rd2+ 54. Ke7 Rc2 55. Kd7 1/2-1/2

[Event "Early-Titled-Tuesday-Blitz-January-30-2024"]
[Site "Chess.com"]
[Date "2024.01.30"]
[Round "3"]
[White "alexrustemov"]
[Black "ilya2700"]
[Result "1-0"]
[WhiteElo "2784"]
[BlackElo "2330"]
[TimeControl "180+1"]
[EndTime "8:29:08 PST"]
[Termination "alexrustemov won on time"]

1. d4 d5 2. c4 e6 3. Nc3 Nf6 4. Nf3 Be7 5. Bg5 O-O 6. e3 Nbd7 7. Rc1 b6 8. cxd5 exd5 9. Bb5 Bb7 10. Qa4 a6 11. Bxd7 Nxd7 12. Bxe7 Qxe7 13. O-O Rfe8 14. Rfd1 Nf6 15. b4 Rac8 16. Qb3 Qd6 17. a4 c5 18. bxc5 bxc5 19. Qxb7 cxd4 20. Nxd4 Qa3 21. Qb3 Qd6 22.
h3 Rc4 23. Nxd5 Rxc1 24. Nxf6+ Qxf6 25. Rxc1 h6 26. Rc6 Qg5 27. Rxa6 Rc8 28. Rc6 Rd8 29. Qc4 Qa5 30. Rc8 1-0

[Event "Early-Titled-Tuesday-Blitz-January-30-2024"]
[Site "Chess.com"]
[Date "2024.01.30"]
[Round "3"]
[White "Szparu"]
[Black "FabianoCaruana"]
[Result "0-1"]
[WhiteElo "2769"]
[BlackElo "3057"]
[TimeControl "180+1"]
[EndTime "8:29:09 PST"]
[Termination "FabianoCaruana won on time"]

1. Nf3 Nf6 2. c4 g6 3. b3 Bg7 4. Bb2 O-O 5. g3 d6 6. d4 Bf5 7. Nc3 Ne4 8. Bg2 Nxc3 9. Bxc3 Be4 10. O-O c5 11. Qd2 Nc6 12. dxc5 dxc5 13. Bxg7 Kxg7 14.
Qb2+ Kg8 15. Rad1 Qc7 16. Rd2 Rad8 17. Rfd1 Rxd2 18. Rxd2 Rd8 19. Rxd8+ Qxd8 20. Qd2 Nd4 21. Nxd4 Bxg2 22. Nf3 Qxd2 23. Nxd2 Bc6 24. f3 f6 25. g4 g5 26. Kf2 Kf7 27. e4 Ke6 28. Ke3 Kd6 29.
Kd3 Be8 30. h3 h5 31. a4 e6 32. Ke3 Ke5 33. Nf1 h4 34. Nd2 Bd7 35. Nb1 f5 36.
Nc3 Bc6 37. exf5 exf5 38. gxf5 Kxf5 39. Ne2 Bd7 40. Ng1 Ke5 41. a5 Bf5 0-1

[Event "Early-Titled-Tuesday-Blitz-January-30-2024"]
[Site "Chess.com"]
[Date "2024.01.30"]
[Round "3"]
[White "whiteglovethief"]
[Black "Evgeny81"]
[Result "0-1"]
[WhiteElo "2508"]
[BlackElo "2743"]
[TimeControl "180+1"]
[EndTime "8:29:11 PST"]
[Termination "Evgeny81 won by resignation"]

1. d4 d5 2. c4 e5 3. dxe5 d4 4. Nf3 Nc6 5. Nbd2 f6 6. exf6 Nxf6 7. g3 Bf5 8. Bg2 Qd7 9. O-O O-O-O 10. a3 g6 11. b4 Bg7 12. b5 Ne7 13. Qa4 Kb8 14.
Nb3 Ne4 15. Bf4 Nc3 16. Qb4 Nxe2+ 17. Kh1 Nxf4 18. gxf4 Qd6 19. Ne5 Rhf8 20. Nc5 Bc8 21.
Rfb1 Rxf4 22. Na6+ Ka8 23. Qa5 Bxe5 24. Nxc7+ Qxc7 25. b6 Qb8 26. bxa7 Qc7 27. Rb6 Rf6 28. Rab1 Rxb6 29. Rxb6 d3 30. Qa6 d2 0-1

[Event "Early-Titled-Tuesday-Blitz-January-30-2024"]
[Site "Chess.com"]
[Date "2024.01.30"]
[Round "3"]
[White "Gabrielian_Artur"]
[Black "Irishchessman16"]
[Result "1-0"]
[WhiteElo "2757"]
[BlackElo "2514"]
[TimeControl "180+1"]
[EndTime "8:29:12 PST"]
[Termination "Gabrielian_Artur won by resignation"]

1. e4 c5 2. Nf3 e6 3. d3 Nc6 4. g3 Nf6 5. Bg2 d6 6. O-O Be7 7. Re1 O-O 8. c3 Rb8 9. Nbd2 b5 10. d4 cxd4 11. cxd4 d5 12. e5 Nd7 13. h4 h6 14.
Nf1 Re8 15. N1h2 Bf8 16. g4 f6 17. exf6 Nxf6 18. g5 Ne4 19. Ng4 hxg5 20. Nxg5 Nxg5 21. hxg5 Be7 22. g6 Bf6 23. Qd3 Nxd4 24. Bf4 Bd7 25. Bxb8 Qxb8 26. Nxf6+ gxf6 27. Qxd4 Kg7 28. Re3 Rh8 29.
Rh3 e5 30. Qxd5 Bxh3 31. Qf7+ Kh6 32. Bxh3 Kg5 33. g7 Rg8 34. Be6 1-0

[Event "Early-Titled-Tuesday-Blitz-January-30-2024"]
[Site "Chess.com"]
[Date "2024.01.30"]
[Round "3"]
[White "amanjazu"]
[Black "Alenzer"]
[Result "1-0"]
[WhiteElo "2405"]
[BlackElo "2135"]
[TimeControl "180+1"]
[EndTime "8:29:13 PST"]
[Termination "amanjazu won by resignation"]

1. g3 d5 2. Bg2 c5 3. f4 Nc6 4.
Nf3 g6 5. O-O Bg7 6. d3 e5 7. e4 d4 8. Nbd2 Bg4 9. h3 Bxf3 10.
Nxf3 Nge7 11. f5 f6 12. g4 gxf5 13. exf5 h5 14. Nd2 hxg4 15. hxg4 Qd7 16. Ne4 b6 17. Qf3 O-O-O 18. Bd2 Bh6 19. Nxf6 Qd6 20. Ne4 Qd7 21. g5 Nd5 22. gxh6 Rdg8 23. Kf2 Nce7 24.
f6 Ng6 25. Bh3 1-0

[Event "Early-Titled-Tuesday-Blitz-January-30-2024"]
[Site "Chess.com"]
[Date "2024.01.30"]
[Round "3"]
[White "Rud_Makarian"]
[Black "Alen_Yeremyann"]
[Result "1-0"]
[WhiteElo "3024"]
[BlackElo "2743"]
[TimeControl "180+1"]
[EndTime "8:29:15 PST"]
[Termination "Rud_Makarian won by resignation"]

1. d4 Nf6 2. c4 g6 3. Nc3 d5 4.
Bf4 Bg7 5. e3 O-O 6. Rc1 dxc4 7.
Bxc4 c5 8. dxc5 Qa5 9. Ne2 Qxc5 10. Qb3 Nc6 11. Nb5 Qh5 12. Nc7 Rb8 13. Bxf7+ Rxf7 14. Rxc6 Bg4 15. Ne6 Bxe2 16. Rc5 Qg4 17. Bxb8 h6 18. Nd8 e6 19. Qxe6 Qb4+ 20. Kxe2 Qxb2+ 21. Kf3 Kh7 22. Qxf7 Qb4 23. Qc4 Qd2 24. Rc7 Qxd8 25.
Rxg7+ Kxg7 26. Qc7+ 1-0

[Event "Early-Titled-Tuesday-Blitz-January-30-2024"]
[Site "Chess.com"]
[Date "2024.01.30"]
[Round "3"]
[White "C_K_G"]
[Black "Onthequiet"]
[Result "0-1"]
[WhiteElo "2135"]
[BlackElo "2403"]
[TimeControl "180+1"]
[EndTime "8:29:15 PST"]
[Termination "Onthequiet won by resignation"]

1. e4 c5 2. Nf3 Nc6 3. d4 cxd4 4. Nxd4 Qb6 5. Nb3 Nf6 6. Nc3 e6 7. Be3 Qc7 8. a3 d6 9. Be2 Be7 10. O-O O-O 11. f4 a6 12. Bf3 b5 13. g4 Bb7 14. g5 Nd7 15. Bg2 b4 16. axb4 Nxb4 17.
Rf2 Rfd8 18. Qh5 g6 19. Qh3 Nc5 20. f5 exf5 21. exf5 Bxg2 22. Qxg2 Nxb3 23. cxb3 d5 24. fxg6 hxg6 25. Rd1 Bc5 26. Rd4 Qa7 27. Qg4 Nc6 28.
Nxd5 Rxd5 29. Rxd5 Bxe3 30. Qf3 Bxf2+ 31. Kg2 Bd4 32. Rd6 Ne5 33. Qd5 Bxb2 34. Rd7 0-1

[Event "Early-Titled-Tuesday-Blitz-January-30-2024"]
[Site "Chess.com"]
[Date "2024.01.30"]
[Round "3"]
[White "artin10862"]
[Black "Perecke"]
[Result "1-0"]
[WhiteElo "2861"]
[BlackElo "2562"]
[TimeControl "180+1"]
[EndTime "8:29:16 PST"]
[Termination "artin10862 won on time"]

1. b3 Nf6 2. Nf3 d5 3. e3 c5 4. Bb2 e6 5. c4 Nc6 6. cxd5 exd5 7. Bb5 Bd6 8. Bxc6+ bxc6 9. d3 O-O 10. O-O Re8 11. Nbd2 a5 12. Qc2 Nd7 13. Rfe1 a4 14. e4 a3 15. Bc3 Ba6 16. Rad1 d4 17. Ba1 Qc7 18. Nc4 Bxc4 19. Qxc4 Ne5 20. Nxe5 Rxe5 21. g3 Ree8 22. b4 Ra4 23. Rb1 Rb8 24. Qc1 cxb4 25. Bxd4 b3 26. Qc3 Rxd4 27. Qxd4 bxa2 28. Rbc1 Be5 29. Qc5 1-0

[Event "Early-Titled-Tuesday-Blitz-January-30-2024"]
[Site "Chess.com"]
[Date "2024.01.30"]
[Round "3"]
[White "wild3000"]
[Black "Klavdia_Nik"]
[Result "1-0"]
[WhiteElo "2403"]
[BlackElo "2134"]
[TimeControl "180+1"]
[EndTime "8:29:16 PST"]
[Termination "wild3000 won on time"]

1. d4 Nf6 2. Nf3 c5 3. e3 b6 4. Be2 Bb7 5. O-O g6 6. b3 Bg7 7.
Bb2 O-O 8. c4 cxd4 9. Nxd4 Nc6 10. Bf3 Rc8 11. Nc3 d6 12. Nxc6 Bxc6 13. Nd5 Nxd5 14.
Bxg7 Nxe3 15. Qd4 Nf5 16. Qf4 Nxg7 17. Bg4 Bd7 18. Bf3 Qc7 19. Rfe1 Ne6 20. Qh6 Rfe8 21. Re4 Bc6 22. Rh4 Nf8 23. Bg4 e6 24. Be2 Qe7 25.
Rd4 d5 26. Re1 Qf6 27. Qd2 e5 28. Rg4 d4 29. h4 h5 30. Rg3 Ne6 31. Bxh5 Nf4 32.
Bg4 Rcd8 33. h5 Kg7 34. b4 1-0

[Event "Early-Titled-Tuesday-Blitz-January-30-2024"]
[Site "Chess.com"]
[Date "2024.01.30"]
[Round "3"]
[White "Aanna12"]
[Black "Baby_Legs"]
[Result "0-1"]
[WhiteElo "2308"]
[BlackElo "2638"]
[TimeControl "180+1"]
[EndTime "8:29:19 PST"]
[Termination "Baby_Legs won by resignation"]

1. e4 c5 2. Nf3 e6 3. d3 Nc6 4. g3 g6 5. Bg2 Bg7 6. O-O Nge7 7. c3 O-O 8. d4 cxd4 9. cxd4 d5 10. e5 b6 11. Nc3 Ba6 12. Re1 Qd7 13. Bg5 h6 14.
Bf4 Nb4 15. Bf1 Bxf1 16. Rxf1 Rfc8 17. h4 h5 18. Qd2 Nf5 19. Bg5 Rc4 20. Rfd1 Rac8 21.
Rac1 R4c7 22. a3 Nc6 23. Qf4 Na5 24. Rb1 Rc4 25. Nh2 Nc6 26. Ne2 Bxe5 27. Qf3 Nfxd4 28. Nxd4 Nxd4 29. Qd3 Nf5 30. Nf3 Bg7 31. Re1 Qc7 32. Bf4 Rxf4 33. gxf4 Qxf4 34. Qd2 Qxf3 0-1

[Event "Early-Titled-Tuesday-Blitz-January-30-2024"]
[Site "Chess.com"]
[Date "2024.01.30"]
[Round "3"]
[White "RandomNoob04"]
[Black "elgrona"]
[Result "1-0"]
[WhiteElo "2567"]
[BlackElo "2274"]
[TimeControl "180+1"]
[EndTime "8:29:23 PST"]
[Termination "RandomNoob04 won on time"]

1. e4 c5 2. d4 cxd4 3. c3 d3 4. Bxd3 Nc6 5. Nf3 g6 6. O-O Bg7 7. c4 d6 8. h3 Nf6 9. Nc3 Nd7 10.
Be3 Bxc3 11. bxc3 Qa5 12. Qd2 Nde5 13. Nxe5 Nxe5 14. Be2 Be6 15. Bd4 f6 16. c5 dxc5 17. Bxe5 fxe5 18. Rab1 Rd8 19. Qh6 b6 20. Qg7 Rg8 21.
Qxe5 Bxa2 22. Ra1 Rd2 23. Bc4 Rf8 24. Be6 c4 25. Qb8+ Rd8 26. Qc7 Rf6 27. Bxc4 Bxc4 28. Rxa5 Bxf1 29. Rxa7 1-0

[Event "Early-Titled-Tuesday-Blitz-January-30-2024"]
[Site "Chess.com"]
[Date "2024.01.30"]
[Round "3"]
[White "hasagoodchesser"]
[Black "artooon"]
[Result "0-1"]
[WhiteElo "2737"]
[BlackElo "3003"]
[TimeControl "180+1"]
[EndTime "8:29:26 PST"]
[Termination "artooon won by resignation"]

1. Nf3 Nf6 2. g3 d5 3. Bg2 c6 4. O-O g6 5. b3 Bg7 6. Bb2 O-O 7. c4 Nbd7 8. Nc3 e5 9. cxd5 cxd5 10. d4 e4 11. Ne5 Re8 12. Rc1 a6 13. Na4 Nxe5 14. dxe5 Ng4 15. Qd2 Nxe5 16. Rfd1 Be6 17. Nc5 Qe7 18.
Nxe6 fxe6 19. Bxe5 Bxe5 20. e3 Rf8 21. Rc2 Rf7 22.
Rdc1 Qd7 23. Qb4 Raf8 24. Bh3 Rf6 25. Qe1 h5 26. Bg2 h4 27. Qe2 Rxf2 28. Qxf2 Rxf2 29. Rxf2 hxg3 30. hxg3 Bxg3 31. Rf6 Kg7 32. Rcf1 Be5 33. R6f2 Bg3 34. Rf8 Bd6 35. R8f2 Bc5 36. Re1 Qe7 37. Bh3 Bxe3 38. Rxe3 Qg5+ 39. Kh2 Qxe3 40. Rg2 Qf4+ 41. Rg3 e3 42. Bg4 d4 43. Be2 e5 44. Kg2 Qf2+ 0-1

[Event "Early-Titled-Tuesday-Blitz-January-30-2024"]
[Site "Chess.com"]
[Date "2024.01.30"]
[Round "3"]
[White "Andrey_Klymchuk"]
[Black "SantoBlue"]
[Result "1-0"]
[WhiteElo "2732"]
[BlackElo "2948"]
[TimeControl "180+1"]
[EndTime "8:29:26 PST"]
[Termination "Andrey_Klymchuk won by resignation"]

1. e4 d6 2. d4 Nf6 3. Nc3 e5 4. dxe5 dxe5 5. Qxd8+ Kxd8 6. f4 Bb4 7. Bd3 exf4 8.
Bxf4 c6 9. O-O-O Nbd7 10. Nf3 h6 11. a3 Bxc3 12. bxc3 Ke7 13. Bc4 Nb6 14. Bd6+ Ke8 15. Bb3 Be6 16. Rhe1 Nc4 17. Nd4 Nxd6 18. Nxe6 Nb5 19.
Nxg7+ Kf8 20. e5 Nd5 21. Nf5 Nbxc3 22. Rd3 Rg8 23. g3 Rg5 24. Nd6 a5 25. a4 Rg4 26.
Rf3 f6 27. exf6 Rg6 28. Kb2 Rd8 29. Nxb7 Rb8 30. Nc5 Re8 31. Rxe8+ Kxe8 32. f7+ 1-0

[Event "Early-Titled-Tuesday-Blitz-January-30-2024"]
[Site "Chess.com"]
[Date "2024.01.30"]
[Round "3"]
[White "flomarechot"]
[Black "Defend1r"]
[Result "0-1"]
[WhiteElo "2334"]
[BlackElo "2534"]
[TimeControl "180+1"]
[EndTime "8:29:26 PST"]
[Termination "Defend1r won on time"]

1. Nf3 Nf6 2. b3 g6 3. Bb2 Bg7 4. e3 O-O 5. d4 b6 6. Be2 Bb7 7. O-O Ne4 8. c4 e6 9. Qc2 d5 10. cxd5 exd5 11. Rc1 c6 12. Nbd2 Re8 13. Nxe4 dxe4 14.
Nd2 Qe7 15. a4 Nd7 16. a5 Rac8 17. axb6 axb6 18. Ra7 Nf6 19. Nc4 Nd5 20. Ba3 c5 21. dxc5 bxc5 22. Na5 Nb4 23. Rxb7 Nxc2 24. Rxe7 Rxe7 25.
Rxc2 Ra8 26. Nc4 Rea7 27. Bb2 Bxb2 28. Rxb2 Ra1+ 29. Bf1 Rd8 30. g3 Rdd1 31. Nd2 f5 32. Kg2 Rdc1 33. Bc4+ Kg7 34. Be2 g5 35. Bf1 g4 0-1

[Event "Early-Titled-Tuesday-Blitz-January-30-2024"]
[Site "Chess.com"]
[Date "2024.01.30"]
[Round "3"]
[White "Sjakkerntobi"]
[Black "szefru"]
[Result "1-0"]
[WhiteElo "2515"]
[BlackElo "2277"]
[TimeControl "180+1"]
[EndTime "8:29:27 PST"]
[Termination "Sjakkerntobi won by resignation"]

1. e4 e5 2. Nf3 Nc6 3. Bc4 Nf6 4. d3 Be7 5. O-O O-O 6. Nc3 d6 7. a4 Bg4 8. Be3 Qd7 9. h3 Bh5 10. a5 Nd8 11. d4 exd4 12. Bxd4 Ne6 13. Be3 h6 14. Be2 Nc5 15. e5 dxe5 16. Nxe5 Qxd1 17. Rfxd1 Bxe2 18. Nxe2 Rad8 19. Nc3 b6 20. Nc6 Rxd1+ 21. Rxd1 Bd6 22. Nb5 bxa5 23. Nxd6 cxd6 24. Rxd6 Na4 25. b3 Nc3 26. Nxa7 a4 27. bxa4 Nxa4 28. Bd4 Ne4 29. Rc6 Rd8 30. Rc4 Nac5 31. Bxc5 Nd2 32. Rd4 1-0

[Event "Early-Titled-Tuesday-Blitz-January-30-2024"]
[Site "Chess.com"]
[Date "2024.01.30"]
[Round "3"]
[White "Druid24"]
[Black "Sebastian"]
[Result "0-1"]
[WhiteElo "2713"]
[BlackElo "2962"]
[TimeControl "180+1"]
[EndTime "8:29:28 PST"]
[Termination "Sebastian won by resignation"]

1. e4 c5 2. Nf3 d6 3. d4 cxd4 4. Nxd4 Nf6 5. Nc3 a6 6. Bd3 e5 7. Nde2 Be6 8. O-O Nc6 9. f4 exf4 10. Nxf4 Ne5 11. Kh1 g6 12. Nxe6 fxe6 13. Bg5 Bg7 14.
Qe2 O-O 15. Rf2 Qb6 16. Raf1 Nfg4 17. Rxf8+ Rxf8 18. Rxf8+ Kxf8 19. Nd1 Qa5 20. h3 Nxd3 21. Qxg4 Qe1+ 22. Kh2 Be5+ 23. g3 Nc5 24. Qf3+ Ke8 25. Nf2 Bd4 26. Qd1 Qxf2+ 27. Kh1 Nxe4 28. Bf4 e5 29. c3 exf4 0-1

[Event "Early-Titled-Tuesday-Blitz-January-30-2024"]
[Site "Chess.com"]
[Date "2024.01.30"]
[Round "3"]
[White "Matibar"]
[Black "krucki03"]
[Result "1-0"]
[WhiteElo "2800"]
[BlackElo "2535"]
[TimeControl "180+1"]
[EndTime "8:29:29 PST"]
[Termination "Matibar won by resignation"]

1. Nf3 c5 2. e4 d6 3. c3 Nf6 4. Be2 Nc6 5. d4 cxd4 6. cxd4 d5 7. e5 Ne4 8. Nc3 Nxc3 9. bxc3 e6 10. h4 Bd7 11. h5 h6 12. Kf1 Na5 13. Bd2 Rc8 14. Be1 Nc4 15. Rh4 a5 16. Rf4 a4 17. Qb1 b5 18. Bd3 Ba3 19. Qc2 Bb2 20. Rb1 a3 21. Rg4 Kf8 22. Qe2 Be8 23. Nh4 Rc7 24. Qf3 Kg8 25. Kg1 Rb7 26. Rd1 Rc7 27. Qg3 f5 28.
exf6 Qxf6 29. Qxc7 1-0

[Event "Early-Titled-Tuesday-Blitz-January-30-2024"]
[Site "Chess.com"]
[Date "2024.01.30"]
[Round "3"]
[White "lilleper1"]
[Black "Trojan-Knight"]
[Result "1-0"]
[WhiteElo "2909"]
[BlackElo "2679"]
[TimeControl "180+1"]
[EndTime "8:29:30 PST"]
[Termination "lilleper1 won on time"]

1. d4 Nf6 2. c4 g6 3. Nc3 d5 4.
Nf3 Bg7 5. g3 dxc4 6. Bg2 O-O 7.
O-O Nfd7 8. Bf4 Nb6 9. a4 a5 10. e4 Nc6 11. Nb5 e5 12. dxe5 Bg4 13. Qxd8 Raxd8 14. Nxc7 Bxf3 15. Bxf3 Nxe5 16. Be2 Nd3 17. Be3 Nc8 18. Nd5 Rfe8 19. Bxd3 cxd3 20. Rad1 Bxb2 21. Rxd3 Kg7 22. Rb1 Be5 23. f4 Bb8 24. Bd4+ Kh6 25. Bf6 Rd6 26. e5 Rc6 27. Rxb7 Ba7+ 28. Kg2 Rc2+ 29. Kf3 Rf2+ 30. Kg4 1-0

[Event "Early-Titled-Tuesday-Blitz-January-30-2024"]
[Site "Chess.com"]
[Date "2024.01.30"]
[Round "3"]
[White "NM_Antelacus"]
[Black "sjoerd893"]
[Result "0-1"]
[WhiteElo "2243"]
[BlackElo "2493"]
[TimeControl "180+1"]
[EndTime "8:29:30 PST"]
[Termination "sjoerd893 won by resignation"]

1. e4 c5 2. Nf3 Nc6 3. Bb5 g6 4. O-O Bg7 5. Re1 Nf6 6. Nc3 O-O 7. d3 d5 8. e5 Ne8 9. Bxc6 bxc6 10. h3 Nc7 11.
Bf4 Ne6 12. Bg3 Rb8 13. b3 Qa5 14. Qd2 Nd4 15. Nxd4 cxd4 16. Nb1 Qc5 17. a4 Be6 18.
Qf4 Qxc2 19. Qxd4 c5 20. Qc3 Qxc3 21. Nxc3 Rxb3 22. Nb5 Rxd3 23. Nxa7 c4 24. Nc6 Re8 25.
Red1 Rxd1+ 26. Rxd1 Bd7 27. Nb4 e6 28. a5 Ra8 29. Ra1 Bf8 30. Nc2 Bc5 31. Bf4 d4 32. Kf1 d3 33. Ne3 c3 34. Ke1 Bd4 35. Rd1 c2 0-1

[Event "Early-Titled-Tuesday-Blitz-January-30-2024"]
[Site "Chess.com"]
[Date "2024.01.30"]
[Round "3"]
[White "AlmasRakhmatullaev"]
[Black "GianmarcoVaR"]
[Result "1-0"]
[WhiteElo "2958"]
[BlackElo "2712"]
[TimeControl "180+1"]
[EndTime "8:29:32 PST"]
[Termination "AlmasRakhmatullaev won on time"]

1. e4 c6 2. d4 d5 3. exd5 cxd5 4.
c4 Nf6 5. Nc3 e6 6. c5 b6 7. b4 a5 8. Na4 Nfd7 9. Bb5 bxc5 10.
bxc5 Ba6 11. Bxa6 Rxa6 12. Nf3 Be7 13. O-O O-O 14. Qd3 Ra8 15. Bf4 Nc6 16. Rab1 Ra7 17. Rb5 Qc8 18. a3 Qa6 19. Rfb1 Rb7 20. Qf1 Ra7 21.
Nb6 Bf6 22. Bd6 Re8 23. Nxd7 Rxd7 24. Ne5 Bxe5 25. dxe5 f6 26. f4 fxe5 27. fxe5 Rf7 28. Qd1 Rc8 29. h3 a4 30. Qg4 Re8 31. Rb6 Qc8 32. Qxa4 Nd8 33. Qxe8+ 1-0

[Event "Early-Titled-Tuesday-Blitz-January-30-2024"]
[Site "Chess.com"]
[Date "2024.01.30"]
[Round "3"]
[White "Andreikka"]
[Black "Alexei_Kornev"]
[Result "1-0"]
[WhiteElo "2988"]
[BlackElo "2730"]
[TimeControl "180+1"]
[EndTime "8:29:32 PST"]
[Termination "Andreikka won by resignation"]

1. d4 Nf6 2. Nc3 d5 3. Bf4 g6 4. e3 Bg7 5. Nb5 Na6 6. h3 O-O 7. Nf3 Ne4 8. c3 c6 9. Na3 Nc7 10. Be2 Ne6 11. Bh2 N6g5 12. Ne5 f6 13. Nd3 Nf7 14. c4 e5 15. dxe5 fxe5 16. O-O Be6 17. cxd5 cxd5 18. Rc1 Qe7 19. Nb5 Rfc8 20. Nc3 Rd8 21.
Qa4 Nxc3 22. bxc3 a6 23. Rfd1 b5 24. Qb4 Qc7 25. Bg4 Bxg4 26. Qxg4 Qc4 27. Nb4 e4 28. Qe6 Re8 29. Qxd5 Qxd5 30. Nxd5 Rac8 31. Nc7 Re7 32. Nxa6 Rxc3 33. Rb1 Ra3 34. Nb4 Ne5 35. Bxe5 Rxe5 36. Rd8+ Bf8 37. Nd5 Kg7 38. Rxb5 Rxa2 39. Rb7+ 1-0

[Event "Early-Titled-Tuesday-Blitz-January-30-2024"]
[Site "Chess.com"]
[Date "2024.01.30"]
[Round "3"]
[White "NtcPou"]
[Black "Matols"]
[Result "0-1"]
[WhiteElo "2062"]
[BlackElo "2378"]
[TimeControl "180+1"]
[EndTime "8:29:32 PST"]
[Termination "Matols won by checkmate"]

1. e4 c6 2. d4 d5 3. e5 c5 4. dxc5 e6 5. a3 Bxc5 6. b4 Be7 7. Qg4 g6 8. Bd3 a5 9. b5 Nd7 10. Bb2 Nh6 11. Qg3 Nc5 12. Nd2 Nxd3+ 13. Qxd3 Nf5 14. Ngf3 h5 15. a4 b6 16. Nb3 Bb7 17.
Nfd4 Nxd4 18. Nxd4 Rc8 19. O-O Bc5 20. Rfe1 h4 21.
Re3 Qg5 22. h3 O-O 23. Nf3 Qh5 24. Re2 d4 25. Rd1 Rfd8 26. Bxd4 Bxd4 27. Nxd4 Rxd4 28.
Qxd4 Qxe2 29. Qd7 Qe4 30. c3 Qxg2# 0-1

[Event "Early-Titled-Tuesday-Blitz-January-30-2024"]
[Site "Chess.com"]
[Date "2024.01.30"]
[Round "3"]
[White "Yurasova_Daria"]
[Black "Chernobay_Artem"]
[Result "0-1"]
[WhiteElo "2450"]
[BlackElo "2623"]
[TimeControl "180+1"]
[EndTime "8:29:33 PST"]
[Termination "Chernobay_Artem won by resignation"]

1. d4 g6 2. Nf3 Bg7 3. c3 d6 4.
e4 Nd7 5. Bd3 e5 6. O-O Ne7 7. d5 O-O 8. c4 a5 9. Nc3 h6 10. a3 f5 11. Rb1 a4 12. Nxa4 fxe4 13. Bxe4 Rxa4 14. Qxa4 Nc5 15. Qc2 Nxe4 16. Qxe4 Bf5 17.
Qh4 Bxb1 18. Bxh6 Bd3 19. Bg5 Rf7 20. Re1 Qd7 21. c5 Nxd5 22. cxd6 cxd6 23. Rd1 e4 24. Nd2 Qf5 25. Re1 Bd4 26. Be3 Nxe3 27. fxe3 Bxe3+ 0-1

[Event "Early-Titled-Tuesday-Blitz-January-30-2024"]
[Site "Chess.com"]
[Date "2024.01.30"]
[Round "3"]
[White "eagleclaw07"]
[Black "GOGIEFF"]
[Result "1-0"]
[WhiteElo "2752"]
[BlackElo "2979"]
[TimeControl "180+1"]
[EndTime "8:29:34 PST"]
[Termination "eagleclaw07 won by resignation"]

1. d4 Nf6 2. c4 e6 3. g3 d5 4. Nf3 dxc4 5. Bg2 Bb4+ 6. Bd2 a5 7. Qc2 b6 8. Ne5 Ra7 9. Bxb4 axb4 10. Qxc4 Qd6 11.
O-O Ba6 12. Qc2 Qxd4 13. Nc6 Nxc6 14. Bxc6+ Ke7 15. Bf3 Rd8 16. a3 Bb5 17. a4 Be8 18. Ra2 b5 19. a5 c5 20. b3 c4 21. Nd2 c3 22. Ne4 Nxe4 23. Bxe4 f5 24. Bf3 Rd6 25. Qc1 h6 26. e3 Qc5 27. e4 Bc6 28.
Re1 Rd4 29. Rae2 Rxa5 30. exf5 Bxf3 31. Rxe6+ Kf7 32. Qe3 c2 33. Re7+ Kg8 34. Qe6+ 1-0

[Event "Early-Titled-Tuesday-Blitz-January-30-2024"]
[Site "Chess.com"]
[Date "2024.01.30"]
[Round "3"]
[White "Al_Shima"]
[Black "RobertoJBM"]
[Result "0-1"]
[WhiteElo "2337"]
[BlackElo "2826"]
[TimeControl "180+1"]
[EndTime "8:29:34 PST"]
[Termination "RobertoJBM won by resignation"]

1. d4 d5 2. Nc3 c6 3. Bf4 Bf5 4. e3 e6 5. f3 Bb4 6. g4 Bg6 7. h4 h5 8. g5 Qa5 9. Ne2 Nd7 10.
a3 Bf8 11. Ng3 Ne7 12. Bd3 Qb6 13. b4 a5 14. Rb1 axb4 15. axb4 Bxd3 16. Qxd3 Ng6 17.
b5 c5 18. Nce2 Bd6 19. Bxd6 Qxd6 20. f4 Ne7 21. O-O g6 22. c3 O-O 23. e4 cxd4 24. Qxd4 Qc5 25. f5 Ra4 26. Qxc5 Nxc5 27. fxg6 fxg6 28. exd5 Nxd5 29. Rxf8+ Kxf8 30. Rf1+ Ke7 31. Kh2 Rxh4+ 32. Kg2 Ne3+ 33. Kf2 Nxf1 34. Kxf1 Rg4 35.
Kf2 0-1

[Event "Early-Titled-Tuesday-Blitz-January-30-2024"]
[Site "Chess.com"]
[Date "2024.01.30"]
[Round "3"]
[White "Kostukov_Alex"]
[Black "viktorgen2021"]
[Result "0-1"]
[WhiteElo "2315"]
[BlackElo "2572"]
[TimeControl "180+1"]
[EndTime "8:29:34 PST"]
[Termination "viktorgen2021 won on time"]

1. g3 g6 2. Bg2 Bg7 3. c4 e5 4.
Nf3 Ne7 5. O-O O-O 6. Nc3 d6 7. d4 Nbc6 8. dxe5 Nxe5 9. Nxe5 dxe5 10. Qb3 Nc6 11. Be3 Nd4 12. Bxd4 exd4 13. Nd5 c6 14. Nf4 Qc7 15. Rad1 Bf5 16. c5 Rfe8 17. h4 Rad8 18. Bf3 Be5 19. Ng2 a6 20. h5 Qe7 21. Nh4 Be6 22.
Qc2 Qg5 23. hxg6 hxg6 24. b4 Kg7 25. Kg2 Rh8 26. Rh1 Rh6 27. Be4 Rdh8 28. Nf3 Qf6 29. Rxh6 Rxh6 30. Nxe5 Bh3+ 31. Kg1 Qxe5 32. Bg2 Bxg2 33.
Kxg2 Qd5+ 34. f3 Qh5 35. Kf2 Qh2+ 36. Ke1 Qg1+ 37. Kd2 Qe3+ 0-1

[Event "Early-Titled-Tuesday-Blitz-January-30-2024"]
[Site "Chess.com"]
[Date "2024.01.30"]
[Round "3"]
[White "pirulillo"]
[Black "yobdc"]
[Result "0-1"]
[WhiteElo "2265"]
[BlackElo "2561"]
[TimeControl "180+1"]
[EndTime "8:29:34 PST"]
[Termination "yobdc won by resignation"]

1. e4 c5 2. Nf3 Nc6 3. Bb5 g6 4.
Bxc6 dxc6 5. d3 Bg7 6. h3 b6 7.
O-O Nf6 8. Nc3 Nd7 9. Be3 e5 10. Nh2 Nf8 11. f4 exf4 12. Bxf4 Ne6 13. Bg3 Nd4 14.
Nf3 Be6 15. Qd2 h6 16. Rae1 O-O 17. Kh2 c4 18. e5 cxd3 19. Qxd3 Nf5 20. Qe2 b5 21.
Bf4 Bc4 22. Qf2 Bxf1 23. Rxf1 Qb6 24. Qe2 Nd4 25. Nxd4 Qxd4 26. Ne4 Rae8 27. c3 Qd5 28. Qf3 Bxe5 29. Bxe5 Qxe5+ 30. Ng3 f5 0-1